 Dungeon Crawl Stone Soup version 0.28-a0-199-g298df9dbad (webtiles) character file.

Game seed: 265694175785136278

1963 thedisplayname the Digger (level 8, -3/57 HPs)
             Began as a Demigod Earth Elementalist on Aug 19, 2021.
             Killed from afar by a gargoyle (31 damage)
             ... with a stone arrow
             ... on level 7 of the Dungeon.
             The game lasted 00:40:45 (10015 turns).

thedisplayname the Digger (DgEE)                   Turns: 10015, Time: 00:40:48

Health: -3/57      AC:  4    Str:  9    XL:     8   Next: 67%
Magic:  9/18       EV: 12    Int: 25    God:
Gold:   344        SH:  0    Dex: 20    Spells: 7/16 levels left

rFire   . . .      SeeInvis .   v - +4 quarterstaff (chaos)
rCold   . . .      Faith    .   (shield currently unavailable)
rNeg    . . .      Spirit   .   b - +0 robe
rPois   .          Reflect  .   (no helmet)
rElec   .          Harm     .   w - +0 cloak
rCorr   .          Rampage  .   (no gloves)
Will    .....                   q - +0 pair of boots
Stlth   ++........              (no amulet)
HPRegen 0.19/turn               i - +6 ring of dexterity
MPRegen 0.16/turn               r - ring of wizardry

@: no status effects
A: high mp 1, forlorn
a: no special abilities


You were on level 7 of the Dungeon.
You visited 1 branch of the dungeon, and saw 7 of its levels.

You collected 344 gold pieces.

Inventory:

Hand Weapons
 a - a +1 dagger
 l - a +3 war axe
 m - a +0 rapier
 v - a +4 quarterstaff of chaos (weapon)
Missiles
 c - 47 stones (quivered)
Armour
 b - a +0 robe (worn)
 q - a +0 pair of boots (worn)
 w - a +0 cloak (worn)
Magical Staves
 f - a staff of death
Jewellery
 d - an amulet of guardian spirit
 i - a +6 ring of dexterity (left hand)
 n - a ring of ice
 r - a ring of wizardry (right hand)
Wands
 o - a wand of polymorph (15)
 u - a wand of flame (14)
Scrolls
 e - a scroll of silence
 g - 2 scrolls of amnesia
 h - 2 scrolls of vulnerability
 k - a scroll of magic mapping
 p - a scroll of teleportation
Potions
 j - a potion of heal wounds
 s - a potion of cancellation {unknown}
 t - a potion of brilliance


   Skills:
 + Level 1.4 Staves
 - Level 1.7 Dodging
 - Level 1.7 Stealth
 + Level 4.8 Spellcasting
 - Level 5.0 Conjurations
 + Level 2.3 Necromancy
 - Level 2.0 Transmutations
 - Level 2.3 Air Magic
 + Level 6.0 Earth Magic
 - Level 3.1 Evocations


You had 7 spell levels left.
You knew the following spells:

 Your Spells              Type           Power      Damage    Failure   Level
a - Sandblast             Erth           72%        2d16      1%          1
b - Stone Arrow           Conj/Erth      66%        3d11      1%          3
c - Passwall              Tmut/Erth      21%        N/A       1%          2
d - Swiftness             Air            17%        N/A       4%          3

Your spell library contained the following spells:

 Spells                   Type           Power      Damage    Failure   Level
 Sublimation of Blood     Necr           8%         N/A       1%          2
 Wereblood                Tmut           16%        N/A       2%          2
 Corona                   Hex            6%         N/A       3%          1
 Petrify                  Tmut/Erth      26%        N/A       6%          4
 Animate Dead             Necr           8%         N/A       13%         4
 Borgnjor's Vile Clutch   Necr/Erth      13%        N/A       16%         5
 Summon Forest            Summ/Tloc      3%         N/A       65%         5
 Death Channel            Necr           8%         N/A       86%         6
 Eringya's Noxious Bog    Tmut/Pois      5%         N/A       96%         6
 Invisibility             Hex            3%         N/A       99%         6
 Summon Hydra             Summ           3%         N/A       100%        7


Dungeon Overview and Level Annotations

Branches:
Dungeon (7/15)             Temple (0/1) D:4

Shops:
D:4 :


Innate Abilities, Weirdness & Mutations

Your attributes grow dramatically as you level up.
You have an increased reservoir of magic. (+10% MP)
You shall have no god before yourself.


Message History

The stone arrow misses the steam dragon.
You hit the steam dragon.
Space warps horribly around the steam dragon!
You kill the steam dragon!
You hear a zap.
You hear a grinding noise.
Your Earth Magic skill increases to level 6!
Casting: Stone Arrow (safe; 1% risk of failure)
Confirm with . or Enter, or press ? or * to list all spells.
Aiming: Stone Arrow (safe; 1% risk of failure)
Press: ? - help, Shift-Dir - straight line, f - bullfrog zombie
Aim: a bullfrog zombie (84% to hit)
The stone arrow hits the bullfrog zombie!!
The bullfrog zombie is severely damaged.
You sock the bullfrog zombie! You burn the bullfrog zombie.
You destroy the bullfrog zombie!
You now have 344 gold pieces (gained 13).
A wyvern skeleton comes into view.
The wyvern skeleton moves out of view.
A gargoyle comes into view. It is wielding a +0 mace.
Casting: Stone Arrow (safe; 1% risk of failure)
Confirm with . or Enter, or press ? or * to list all spells.
Aiming: Stone Arrow (safe; 1% risk of failure)
Press: ? - help, Shift-Dir - straight line, f - gargoyle
Aim: a gargoyle, wielding a +0 mace (88% to hit)
The stone arrow hits the gargoyle!!
The gargoyle is severely damaged.
You hit the gargoyle but do no damage.
The gargoyle is severely damaged.
The gargoyle closely misses you.
You completely miss the gargoyle.
The gargoyle is severely damaged.
The gargoyle hits you with a +0 mace!! The gargoyle barely misses you.
An orc warrior comes into view. It is wielding a +0 flail.
The orc warrior shouts!
You hit the gargoyle but do no damage.
The gargoyle is severely damaged.
The gargoyle hurls a stone arrow at you.
The stone arrow hits you!!
Ouch! That really hurt!
You die...

.. ...# .##. .......#
..... .......## ...##
#..#....## ....
##......... #..
##.........
#.?##...........
#.9@....†.##....
.o.....#............
.....###.............
.... ###...[.........
... #...............
#. #..#....#...... #
.##..#....##...<.
...............##
.....#........##


You could see an orc warrior and a gargoyle.

Vanquished Creatures
  Eustachio (D:6)
  A steam dragon (D:7)
  2 water moccasins
  2 ice beasts
  2 necrophages
  An ogre (D:5)
  2 bullfrogs
  3 scorpions
  3 jellies
  A bullfrog zombie (D:7)
  3 hounds
  A gnoll shaman (D:6)
  Crazy Yiuf (D:6)
  A centaur skeleton (D:4)
  3 iguanas
  Jessica (D:3)
  Natasha (D:2)
  2 orc wizards (D:3)
  A hound skeleton (D:3)
  7 adders
  8 gnolls
  A shadow imp (D:6)
  A white imp (D:5)
  A worm (D:2)
  3 dart slugs
  10 orcs
  11 endoplasms
  12 giant cockroaches
  5 goblins
  6 hobgoblins
  2 jackals (D:2)
  4 quokkas
  6 ball pythons
  6 bats
  5 frilled lizards
  7 kobolds
  2 rats
129 creatures vanquished.

Vanquished Creatures (others)
  5 plants (D:5)
5 creatures vanquished.

Grand Total: 134 creatures vanquished

Notes
Turn   | Place    | Note
-------+----------+-------------------------------------------
     0 | D:1      | thedisplayname the Demigod Earth Elementalist began the
                  | quest for the Orb.
     0 | D:1      | Reached XP level 1. HP: 14/14 MP: 5/5
    99 | D:1      | Reached skill level 1 in Transmutations
    99 | D:1      | Reached skill level 3 in Earth Magic
   247 | D:1      | Reached XP level 2. HP: 20/20 MP: 5/7
  1210 | D:1      | Reached XP level 3. HP: 26/26 MP: 6/8
  1649 | D:1      | Learned a level 3 spell: Stone Arrow
  1652 | D:1      | Learned a level 2 spell: Passwall
  2268 | D:2      | Noticed Natasha
  2279 | D:2      | Killed Natasha
  3009 | D:3      | Reached XP level 4. HP: 33/33 MP: 7/10
  3091 | D:3      | Reached skill level 4 in Earth Magic
  3341 | D:3      | Noticed Jessica
  3350 | D:3      | Killed Jessica
  3351 | D:3      | Reached skill level 1 in Conjurations
  3354 | D:3      | Got Jessica's Guide on Bewitchment
  3641 | D:3      | Reached XP level 5. HP: 38/38 MP: 7/11
  4376 | D:4      | Found Oxtooned's Book Shoppe.
  5007 | D:4      | Reached skill level 1 in Evocations
  5231 | D:4      | Found a staircase to the Ecumenical Temple.
  5285 | D:4      | Reached XP level 6. HP: 45/45 MP: 10/13
  6635 | D:5      | Entered Level 5 of the Dungeon
  7057 | D:5      | Noticed a water moccasin
  7066 | D:5      | Killed a water moccasin
  7153 | D:5      | Reached XP level 7. HP: 50/50 MP: 8/15
  7810 | D:5      | Reached skill level 5 in Earth Magic
  8493 | D:6      | Noticed Eustachio
  8505 | D:6      | Killed Eustachio
  8506 | D:6      | Reached XP level 8. HP: 57/57 MP: 2/17
  8528 | D:6      | Reached skill level 5 in Conjurations
  8744 | D:6      | Learned a level 3 spell: Swiftness
  8875 | D:6      | Reached skill level 1 in Air Magic
  9017 | D:6      | Reached skill level 1 in Necromancy
  9804 | D:6      | Found a runed translucent door.
  9805 | D:6      | Noticed Crazy Yiuf
  9809 | D:6      | Killed Crazy Yiuf
  9902 | D:7      | Reached skill level 1 in Staves
  9999 | D:7      | Reached skill level 6 in Earth Magic
 10009 | D:7      | Noticed a gargoyle
 10015 | D:7      | Killed from afar by a gargoyle

Illustrated notes

Levels and vault maps discovered:
D:1:      lightli_arrival_quake, layout_loops_cross,
          hellmonk_ecumenical_altar_arch_garden, minivault_19
D:2:      layout_basic, uniq_natasha
D:3:      minmay_diamond_boxcup, layout_basic, mainiacjoe_overflow_chevrons,
          fiery_altar_vehumet, ebering_dispersal_statue_hall,
          kennysheep_jessica_study
D:4:      layout_basic, temple_doors_e, serial_shops, shop,
          grunt_decor_one_mirror, minmay_pentangle
D:5:      layout_basic, amcnicky_altar_gilded, grunt_ministairs_13,
          serial_bayou_lake_a
D:6:      layout_basic, uniq_crazy_yiuf_cottage, uniq_eustachio
D:7:      layout_cave_pools, serial_shops, shop

Skill      XL: |  1  2  3  4  5  6  7  8 |
---------------+-------------------------+-----
Transmutations | 1 2 |  2.0
Earth Magic    | 3 4 5 6 |  6.0
Spellcasting   | 2 3 4 |  4.8
Conjurations   | 1 2 3 4 5 |  5.0
Evocations     | 1 2 3 |  3.1
Air Magic      | 2 |  2.3
Necromancy     | 2 |  2.3
Staves         | 1 |  1.4
Dodging        | |  1.7
Stealth        | |  1.7

Action                   |  1- 3 |  4- 6 |  7- 9 || total
-------------------------+-------+-------+-------++-------
Melee: Dagger            |       |     4 |       ||     4
       Staff             |       |    26 |    20 ||    46
       Quarterstaff      |       |       |     6 ||     6
Throw: Stone             |     4 |     1 |       ||     5
 Cast: Sandblast         |    72 |    79 |     8 ||   159
       Stone Arrow       |       |    20 |    58 ||    78
  Use: Scroll            |     5 |     8 |     1 ||    14
       Potion            |     2 |     3 |     1 ||     6
 Stab: Sleeping          |       |       |     1 ||     1
Armor: Robe              |    19 |    11 |     3 ||    33
Dodge: Dodged            |    39 |    37 |    20 ||    96

Table legend: (Time is in decaauts)
 A = Elapsed time spent in this place.
 B = Non-inter-level travel time spent in this place.
 C = Inter-level travel time spent in this place.
 D = Time resting spent in this place.
 E = Time spent auto-exploring this place.
 F = Levels seen in this place.
 G = Mean time per level.
                   A        B        C        D        E       F      G
               +--------+--------+--------+--------+--------+-----+--------+
         Total |  10072 |   9922 |    150 |   3997 |   4509 |   7 | 1438.9 |
       Dungeon |  10072 |   9922 |    150 |   3997 |   4509 |   7 | 1438.9 |
               +--------+--------+--------+--------+--------+-----+--------+

Top non-repeatable levels by time:
     D:3: 1993 daAuts
     D:5: 1896 daAuts
     D:4: 1767 daAuts
     D:1: 1653 daAuts
     D:6: 1362 daAuts
     D:2: 1238 daAuts
     D:7: 159 daAuts
